 Dungeon Crawl Stone Soup version 0.31-a0-321-g19405a7a6a (webtiles) character file.

Game seed: 2666471837859900942

134 LustLizard the Ruffian (level 5, -2/36 HPs)
             Began as an Octopode Shapeshifter on July 18, 2023.
             Slain by an iguana (7 damage)
             ... on level 4 of the Dungeon.
             The game lasted 00:04:08 (2213 turns).

LustLizard the Ruffian (Octopode Shapeshifter)      Turns: 2213, Time: 00:04:09

Health: -2/36      AC:  1    Str: 16    XL:     5   Next: 17%
Magic:  5/5        EV: 13    Int: 11    God:
Gold:   207        SH:  0    Dex: 12    Spells: 4/4 levels left

rFire   . .          .
                       - Unarmed
rCold   . . .        (no shield)
rNeg    . . .        (helmet currently unavailable)
rPois   .            (no amulet)
rElec   .            d - ring of flight
rCorr   .            (no ring)
SInv    .            (no ring)
Will    .....        (no ring)
Stlth   ++           (no ring)
HPRegen 0.26/turn    (no ring)
MPRegen 0.09/turn    (no ring)
                     (no ring)

%: no passive effects
@: beast-form, flying
A: beast (slay +2), almost no armour, amphibious, 8 rings, camouflage 1,
gelatinous body 1, (nimble swimmer 1), tentacles
a: Begin Untransformation


You were on level 4 of the Dungeon.
You were a hulking beast.
You visited 1 branch of the dungeon, and saw 4 of its levels.

You collected 207 gold pieces.

Inventory:

Jewellery
 d - a ring of flight (left tentacle)
 i - an amulet of faith
Talismans
 b - a beast talisman
Scrolls
 f - a scroll of enchant armour {unknown}
 g - a scroll of identify {unknown}
 h - a scroll of torment {unknown}
 k - a scroll of teleportation {unknown}
Potions
 a - a potion of lignification
 c - a potion of might {unknown}
 e - a potion of attraction {unknown}
 j - a potion of enlightenment {unknown}
 l - a potion of mutation {unknown}


   Skills:
 + Level 3.0 Fighting
 - Level 2.0 Dodging
 * Level 4.0 Unarmed Combat
 + Level 3.5 Shapeshifting


You had 4 spell levels left.
You didn't know any spells.
Your spell library contained the following spells:

 Spells                   Type           Power      Damage    Failure   Level
 Call Canine Familiar     Summ           0%         N/A       71%         3
 Portal Projectile        Hex/Tloc       0%         N/A       71%         3
 Leda's Liquefaction      Hex/Erth       0%         N/A       98%         4
 Simulacrum               Ice/Necr       0%         N/A       100%        6
 Ozocubu's Refrigeration  Ice            0%         4d7       100%        7
 Polar Vortex             Ice            0%         N/A       100%        9


Dungeon Overview and Level Annotations

Branches:
Dungeon (4/15)
 Temple: D:4-7

Altars:
Cheibriados
Elyvilon

Annotations:
D:3 2 transporters, Pokonic1's ghost, amateur DsFi


Innate Abilities, Weirdness & Mutations

You are a hulking beast.
Your limbs bulge with bestial killing power. (Slay +2)
You cannot wear most types of armour.
You are amphibious.
You can wear up to eight rings at the same time.
Your skin changes colour to match your surroundings (Stealth+).
Your rubbery body absorbs attacks. (AC +1, EV +1)
((You are camouflaged when in or above water. (Stealth+)))
You have tentacles for arms and can constrict up to eight enemies at once.


Message History

A ball python comes into view.
A ball python is nearby!
The ball python hisses angrily.
The ball python barely misses you. x2
You tentacle-slap the ball python. You grab the ball python.
Your squeeze misses the ball python.
The ball python is moderately wounded.
You constrict the ball python. The ball python bites you.
The ball python closely misses you.
You tentacle-slap the ball python but do no damage.
The ball python is severely wounded.
You constrict the ball python.
You kill the ball python!
A kobold comes into view. It is wielding a +0 whip.
The kobold shouts!
A kobold is nearby!
An endoplasm comes into view.
The endoplasm quivers.
The kobold hits you with a +0 whip.
You tentacle-slap the kobold.
You kill the kobold!
Your Unarmed Combat skill increases to level 4!
The endoplasm jiggles.
You tentacle-slap the endoplasm.
The endoplasm is severely wounded.
The endoplasm hits you.
You tentacle-slap the endoplasm but do no damage.
You squeeze the endoplasm.
You kill the endoplasm!
An iguana comes into view.
The iguana hisses angrily.
No target in view!
An iguana is nearby!
The iguana bites you!
You are too injured to fight recklessly!
You closely miss the iguana. Your grab misses the iguana. The iguana bites you!
* * * LOW HITPOINT WARNING * * *
You closely miss the iguana. You grab the iguana. You constrict the iguana.
The iguana bites you!
You die...

#..........
#...#...##.......... .
#....... #.......... #.
#......# ...........
.##.##......#.#..........
..............##......###
.........................
.........l.....####......
........h#.....+.........
.........#.....#......†..
.........#.....#.........
.........#.....#........#
...............#....#...#
###....).......#.........
............########...<.
.......#+#..†............
.....#+#......#####...###


You could see an iguana.

Vanquished Creatures
  5 adders
  2 worms
  A dart slug (D:3)
  An orc (D:3)
  12 ball pythons
  5 endoplasms
  2 giant cockroaches
  13 goblins
  8 hobgoblins
  A quokka (D:1)
  10 bats
  3 frilled lizards
  7 kobolds
  5 rats
75 creatures vanquished.

Notes
Turn   | Place    | Note
-------+----------+-------------------------------------------
     0 | D:1      | LustLizard the Octopode Shapeshifter began the quest for
                  | the Orb.
     0 | D:1      | Reached XP level 1. HP: 14/14 MP: 1/1
    71 | D:1      | Reached XP level 2. HP: 16/19 MP: 2/2
   413 | D:1      | Reached XP level 3. HP: 21/25 MP: 3/3
   458 | D:1      | Reached skill level 3 in Unarmed Combat
   825 | D:1      | Found a faded altar of an unknown god.
  1022 | D:2      | Reached XP level 4. HP: 30/30 MP: 4/4
  1070 | D:2      | You are sucked into a shaft and drop 1 floor!
  1589 | D:3      | Found a transporter.
  1604 | D:3      | Noticed Pokonic1's ghost (amateur DsFi)
  1631 | D:3      | Reached XP level 5. HP: 35/36 MP: 5/5
  1734 | D:3      | Found a transporter.
  1786 | D:3      | Found a white marble altar of Elyvilon.
  1791 | D:3      | Found a snail-covered altar of Cheibriados.
  2201 | D:4      | Reached skill level 4 in Unarmed Combat
  2213 | D:4      | Slain by an iguana

Illustrated notes

Levels and vault maps discovered:
D:1:      beargit_arrival_diablo_church, layout_loops_ring,
          shapermc_ecumenical_altar_ellora, st_stairs_1,
          hangedman_feature_mirror
D:2:      cheibrodos_old_hovel, layout_basic
D:3:      layout_basic, mainiacjoe_overflow_big_doors, gammafunk_ghost_arena
D:4:      layout_basic

Skill      XL: |  1  2  3  4  5 |
---------------+----------------+-----
Unarmed Combat | 3 4 |  4.0
Fighting       | 3 |  3.0
Dodging        | |  2.0
Shapeshifting  | |  3.5

Action                     |  1- 3 |  4- 6 || total
---------------------------+-------+-------++-------
  Melee: Unarmed           |    70 |    60 ||   130
         Constrict         |    15 |    20 ||    35
         Tentacles         |    11 |     9 ||    20
         Punch             |     1 |     1 ||     2
   Stab: Sleeping          |     6 |     7 ||    13
 Armour: Skin              |     3 |     1 ||     4
  Dodge: Dodged            |    35 |    27 ||    62

Table legend: (Time is in decaauts)
 A = Elapsed time spent in this place.
 B = Non-inter-level travel time spent in this place.
 C = Inter-level travel time spent in this place.
 D = Time resting spent in this place.
 E = Time spent auto-exploring this place.
 F = Levels seen in this place.
 G = Mean time per level.
                   A        B        C        D        E       F      G
               +--------+--------+--------+--------+--------+-----+--------+
         Total |   2203 |   2148 |     55 |     23 |   1640 |   4 |  550.8 |
       Dungeon |   2203 |   2148 |     55 |     23 |   1640 |   4 |  550.8 |
               +--------+--------+--------+--------+--------+-----+--------+

Top non-repeatable levels by time:
     D:1: 932 daAuts
     D:3: 545 daAuts
     D:2: 464 daAuts
     D:4: 260 daAuts
